AoeStats
← Atomic

Nomad

510151151Analyzed
2v2 RM · 1d ago on Sep 29, 2026· 42m 16s· 4 players
Game mode
Random Map
Map size
176×176
Population
200
Speed
Normal
Resources
Standard
Victory
Conquest
Starting age
Dark Age
Ending age
Imperial Age
RankedLock teamsTeams togetherTeam positionsShared explorationLock speedFull tech treeHidden civsTurbo modeCheats
Victory
Defeat
🇩🇪 Huns · Germany
924
+16
🇨🇳 Vikings · China
920
+16
🇩🇪 Mongols · Germany
973
-18
🇩🇰 Huns · Denmark
875
-14
猫咪先生
12:03 Loom
15:12 Feudal Age
18:12 Double-Bit Axe
26:13 Castle Age
30:11 Bow Saw
30:03 Gold Mining
32:46 Gold Shaft Mining
32:40 Squires
32:26 Arson
32:59 Scale Mail Armor
33:11 Forging
34:26 Chain Mail Armor
Atomic
7:04 Loom
15:22 Feudal Age
16:07 Fishing Lines
20:47 Castle Age
19:37 Double-Bit Axe
21:08 Wheelbarrow
21:51 Gillnets
23:05 Hand Cart
23:09 Bow Saw
27:54 Loom
28:04 Gold Mining
28:05 Stone Mining
29:52 Marauders
33:58 Imperial Age
32:53 Scale Barding Armor
33:56 Chain Barding Armor
35:01 Conscription
35:31 Elite Tarkan
37:56 Plate Barding Armor
HorstGünter1938
14:01 Feudal Age
14:57 Double-Bit Axe
19:09 Castle Age
18:04 Horse Collar
19:35 Stone Mining
20:00 Bow Saw
20:54 Stone Shaft Mining
20:56 Demolition Ship
24:12 Fletching
28:46 Padded Archer Armor
28:48 Heavy Plow
32:41 Imperial Age
31:46 Gold Mining
31:57 Pikeman
32:42 Bodkin Arrow
34:15 Conscription
34:49 Leather Archer Armor
35:08 Ballistics
36:57 Bracer
38:09 Wheelbarrow
38:27 Capped Ram
39:12 Elite Skirmisher
42:07 Scale Mail Armor
John Travoldtar
15:57 Feudal Age
16:09 Loom
16:19 Fishing Lines
16:31 Double-Bit Axe
16:39 Gold Mining
20:17 Fletching
20:27 Padded Archer Armor
24:18 Castle Age
24:26 Crossbowman
25:12 Thumb Ring
25:14 Bodkin Arrow
26:32 Bow Saw
26:58 Wheelbarrow
29:09 Horse Collar
33:50 Gold Shaft Mining
33:08 Stone Mining
33:20 Heavy Plow
33:54 Ballistics
35:53 Masonry
35:39 Murder Holes
36:09 Hand Cart
37:51 Fervor
38:05 Bloodlines
37:55 Husbandry
38:01 Husbandry
38:20 Leather Archer Armor
38:10 Scale Barding Armor
38:16 Forging
41:54 Imperial Age
Connection lost

Rejoining the realm…

Still unreachable

The connection could not be restored.

Session expired

The server has moved on; the page needs a fresh start.